 Dungeon Crawl Stone Soup version 0.17-a0-1738-g82cdc46 (webtiles) character file.

3047 kae the Severer (level 9, -6/70 HPs)
             Began as a Hill Orc Fighter on Aug 30, 2015.
             Was a Priest of Qazlal.
             Mangled by Erica
             ... wielding a +4 scimitar of flaming
              (17 damage)
             ... on level 9 of the Dungeon.
             The game lasted 00:10:44 (7944 turns).

kae the Severer (Hill Orc Fighter)                  Turns: 7944, Time: 00:10:45

Health: -6/70      AC:  9    Str: 22    XL:     9   Next: 87%
Magic:  9/9        EV:  7    Int:  8    God:    Qazlal [***...]
Gold:   399        SH: 13    Dex: 10    Spells: 0 memorised, 8 levels left

rFire  . . .     SeeInvis .     v - +2 war axe (freeze)
rCold  . . .     Clarity  .     b - +0 scale mail
rNeg   . . .     SustAt   .     c - +0 shield
rPois  .         Gourm    .     s - +0 helmet
rElec  .         Spirit   .     (no cloak)
rCorr  .         Warding  .     w - +0 pair of gloves (curse)
rMut   .         Stasis   .     (no boots)
MR     .....                    (no amulet)
Stlth  ..........               (no ring)
                                (no ring)

@: slowed, very slow, not resistant to hostile enchantments, extremely
unstealthy
A: no striking features
a: Upheaval, Elemental Force, Renounce Religion


You were on level 9 of the Dungeon.
You worshipped Qazlal.
Qazlal was most pleased with you.
You were hungry.

You visited 2 branches of the dungeon, and saw 10 of its levels.

You collected 399 gold pieces.

Inventory:

Hand weapons
 a - a +0 war axe
 v - a +2 war axe of freezing (weapon)
Armour
 b - a +0 scale mail (worn)
 c - a +0 shield (worn)
 s - a +0 helmet (worn)
 w - a cursed +0 pair of gloves (worn)
Jewellery
 d - a cursed ring of loudness {unknown}
 g - an uncursed ring of protection from cold {unknown}
 C - an uncursed amulet of warding {unknown}
 I - an uncursed ring of protection from fire {unknown}
Magical devices
 r - a wand of fire (13)
 x - a wand of paralysis (14)
 y - a wand of confusion (26)
 B - a wand of confusion (19)
 D - a wand of digging (10)
 F - a wand of teleportation (6)
 H - a wand of flame (26)
 K - a wand of paralysis (10)
Scrolls
 i - a scroll of fog {unknown}
 j - 6 scrolls of remove curse {unknown}
 k - a scroll of enchant armour {unknown}
 l - 6 scrolls of identify {unknown}
 m - 4 scrolls of amnesia {unknown}
 o - 2 scrolls of fear {unknown}
 p - a scroll of teleportation {unknown}
 q - a scroll of recharging {unknown}
 t - a scroll of immolation {unknown}
 u - 2 scrolls of blinking {unknown}
 J - a scroll of noise {unknown}
Potions
 h - 3 potions of poison
 n - 3 potions of flight
 A - a potion of might
Comestibles
 e - 2 meat rations
 f - 2 slices of pizza
 z - 7 bread rations
 E - 3 chunks of flesh
 G - 6 beef jerkies


   Skills:
 - Level 3.6 Fighting
 + Level 16.3 Axes
 - Level 3.2 Armour
 - Level 3.2 Shields


You had 8 spell levels left.
You didn't know any spells.

Dungeon Overview and Level Annotations

Branches:
Dungeon (9/15)             Temple (1/1) D:4
   Lair: D:8-11         Orc: D:9-12

Altars:
Ashenzari
Cheibriados
Dithmenos
Elyvilon
Fedhas
Gozag
Kikubaaqudgha
Makhleb
Nemelex Xobeh
Okawaru
Qazlal
Ru
Sif Muna
Trog
Vehumet
Xom
Yredelemnul
Zin
The Shining One

Annotations:
D:9 Erica


Message History

You slash Erica! You freeze Erica.
Erica is severely wounded.
Erica zaps a wand.
The bolt of cold hits you!
It is a wand of cold.
You closely miss Erica.
Erica is severely wounded.
Erica hits you with a scimitar of flaming.
Erica burns you.
You slash Erica! You freeze Erica.
Erica is almost dead.
Erica zaps a wand.
The bolt of cold hits you!
* * * LOW HITPOINT WARNING * * *
A hound skeleton comes into view.
You are too injured to fight recklessly!
You are too injured to fight recklessly!
You are too injured to fight recklessly!
Unknown command.
Your shield and scale mail prevent you from hitting Erica.
Erica is almost dead.
Erica hits you with a scimitar of flaming!
You die...

#.# # #.# .#
##<###.##
#.......#
#.......#
######.......#
.....Z.......##
#####..).....#
#.@ยง....#.#
#.@........
##..##.##.#
..#. .# ##
.......
.#####.## . ##
##


You could see Erica and a hound skeleton.

Vanquished Creatures
  Sigmund (D:3)
  Edmund (D:6)
  2 orc warriors (D:8)
  5 ogres
  2 ice beasts
  A sky beast (D:8)
  A black bear (D:7)
  2 phantoms
  A centaur (D:5)
  2 giant frogs
  4 scorpions
  A jelly (D:8)
  4 wights
  3 hounds
  3 centaur skeletons
  2 crimson imps (D:5)
  2 orc wizards
  Ijyb (D:3)
  A giant frog skeleton (D:7)
  4 orc priests
  4 iguanas
  Jessica (D:2)
  8 worker ants
  8 adders
  A worker ant zombie (D:8)
  2 river rats (D:3)
  A shadow imp (D:6)
  An adder skeleton (D:4)
  3 worms
  9 giant geckos
  28 orcs
  A ball python (D:2)
  7 bats
  5 giant cockroaches
  22 goblins
  6 hobgoblins
  6 jackals (D:3)
  5 kobolds
  2 giant gecko skeletons
  7 giant newts
  A jackal skeleton (D:7)
  2 quokkas
  A quokka zombie (D:5)
  5 rats
179 creatures vanquished.

Notes
Turn   | Place    | Note
--------------------------------------------------------------
     0 | D:1      | kae the Hill Orc Fighter began the quest for the Orb.
     0 | D:1      | Reached XP level 1. HP: 19/19 MP: 1/1
    65 | D:1      | Reached XP level 2. HP: 26/26 MP: 2/2
   109 | D:1      | Reached skill level 4 in Axes
   349 | D:2      | Noticed Jessica
   356 | D:2      | Killed Jessica
   356 | D:2      | Reached skill level 5 in Axes
   356 | D:2      | Reached XP level 3. HP: 21/31 MP: 3/3
   625 | D:2      | Reached XP level 4. HP: 32/39 MP: 4/4
   678 | D:2      | Reached skill level 6 in Axes
   808 | D:2      | Found a burning altar of Makhleb.
   984 | D:2      | Found a white marble altar of Elyvilon.
  1158 | D:3      | Noticed Sigmund
  1163 | D:3      | Reached XP level 5. HP: 33/45 MP: 5/5
  1246 | D:4      | Reached skill level 7 in Axes
  1554 | D:4      | Reached skill level 8 in Axes
  1554 | D:4      | Reached XP level 6. HP: 46/51 MP: 6/6
  1774 | D:4      | Found a staircase to the Ecumenical Temple.
  1792 | Temple   | Entered the Ecumenical Temple
  1805 | Temple   | Became a worshipper of Qazlal Stormbringer
  2311 | D:5      | Entered Level 5 of the Dungeon
  2326 | D:5      | Reached skill level 9 in Axes
  2441 | D:5      | Found a shimmering altar of Xom.
  2445 | D:5      | Found an iron altar of Okawaru.
  2636 | D:5      | Found an opulent altar of Gozag.
  2680 | D:5      | Reached XP level 7. HP: 57/57 MP: 7/7
  2707 | D:5      | Reached skill level 10 in Axes
  2893 | D:5      | Acquired Qazlal's first power
  3071 | D:6      | Found a radiant altar of Vehumet.
  3113 | D:6      | Reached skill level 11 in Axes
  3387 | D:6      | Noticed Edmund
  3400 | D:6      | Killed Edmund
  3400 | D:6      | Reached XP level 8. HP: 51/64 MP: 8/8
  3684 | D:6      | Found a glowing silver altar of Zin.
  3865 | D:6      | Reached skill level 12 in Axes
  4407 | D:3      | Killed Sigmund
  4407 | D:3      | Reached skill level 13 in Axes
  4803 | D:3      | Acquired Qazlal's second power
  4853 | D:3      | Noticed Ijyb
  4861 | D:3      | Killed Ijyb
  5409 | D:7      | Reached skill level 14 in Axes
  5409 | D:7      | Reached XP level 9. HP: 66/70 MP: 9/9
  6176 | D:8      | Found a basalt altar of Yredelemnul.
  6325 | D:7      | Reached skill level 15 in Axes
  6496 | D:8      | Acquired Qazlal's third power
  6559 | D:8      | HP: 3/70 [orc warrior/trident of piercing (1)]
  7637 | D:8      | Reached skill level 16 in Axes
  7934 | D:9      | Noticed Erica
  7944 | D:9      | Mangled by Erica

Vault maps used:
D:1:      tarquinn_simple_flora_water_e
D:2:      bloody_makhleb, lemuel_round_altar, uniq_jessica
D:3:      kennysheep_goblin_castle, gup_sewer_entry_spiral, first_bread,
          uniq_sigmund
D:4:      minmay_temple_entry_glassed_door
D:5:      minitemple, serial_bayou_pond_a, hex_large, minmay_crystal_room,
          nicolae_gozag_seed_capital
D:6:      zin_scriptorium, lemuel_doored_altar, minmay_ogre_servants,
          uniq_edmund
D:7:      grunt_ogre_cave
D:8:      yredelemnul_altar_generic
D:9:      dpeg_oklobed_lair, basic_altar, uniq_erica
Temple:   zaba_magenta_temple_12

Action                   |  1- 3 |  4- 6 |  7- 9 || total
-------------------------+-------+-------+-------++-------
Melee: War axe           |    60 |   220 |   378 ||   658
  Use: Potion            |       |     9 |     4 ||    13
  Eat: Chunk             |       |     6 |    12 ||    18
       Bread ration      |       |       |     1 ||     1
